 Dungeon Crawl Stone Soup version 0.21.1-1-g345015fe64 (webtiles) character file.

1348 Knicklaso the Fighter (level 8, -1/74 HPs)
             Began as a Minotaur Transmuter on Apr 24, 2018.
             Was an Initiate of Wu Jian.
             Slain by Beodren's ghost (16 damage)
             ... on level 5 of the Dungeon.
             The game lasted 00:18:51 (6287 turns).

Knicklaso the Fighter (Minotaur Transmuter)         Turns: 6287, Time: 00:18:51

Health: -1/74      AC:  5    Str: 16    XL:     8   Next: 36%
Magic:  10/10      EV: 16    Int: 12    God:    Wu Jian [......]
Gold:   96         SH:  0    Dex: 18    Spells: 8/11 levels left

rFire    . . .     SeeInvis .     - Unarmed
rCold    . . .     Gourm    .   (no shield)
rNeg     . . .     Faith    .   w - +0 ring mail
rPois    .         Spirit   .   (helmet restricted)
rElec    .         Reflect  .   (no cloak)
rCorr    .         Harm     .   (no gloves)
MR       .....                  (no boots)
Stlth    ++........             (no amulet)
HPRegen  0.22/turn              l - +3 ring of dexterity
MPRegen  0.12/turn              (no ring)

@: agile
A: retaliatory headbutt, horns 2
a: Renounce Religion


You were on level 5 of the Dungeon.
You worshipped Wu Jian.
Wu Jian was noncommittal.
You were hungry.

You visited 2 branches of the dungeon, and saw 6 of its levels.
You also visited: Sewer.

You collected 184 gold pieces.
You spent 88 gold pieces at shops.

Inventory:

Hand Weapons
 b - a +0 blowgun
Missiles
 a - 32 arrows
 n - 5 steel tomahawks (quivered)
 r - 25 poisoned needles
 y - 7 curare-tipped needles
Armour
 i - a +0 leather armour
 k - a +0 robe
 u - a +0 shield
 w - a +0 ring mail (worn)
Magical Staves
 v - an uncursed staff of poison
Jewellery
 l - a +3 ring of dexterity (left hand)
 m - a +4 amulet of reflection {unknown}
Scrolls
 e - a scroll of teleportation
 g - a scroll of immolation
 q - a scroll of magic mapping
Potions
 f - 3 potions of agility
 h - 8 potions of curing
 j - a potion of lignification {unknown}
 o - a potion of might
 p - a potion of magic {unknown}
 t - 3 potions of brilliance
 x - 3 potions of invisibility {unknown}
Books
 c - a book of Changes

   Spells                             Type                      Level
   a - Beastly Appendage              Transmutation                1
   b - Sticks to Snakes               Transmutation                2
   c - Spider Form                    Transmutation/Poison         3
   d - Ice Form                       Ice/Transmutation            4
   e - Blade Hands                    Transmutation                5
Comestibles
 d - 14 rations


   Skills:
 + Level 8.2 Fighting
 - Level 2.1 Dodging
 - Level 8.0 Unarmed Combat
 + Level 2.2 Spellcasting
 * Level 2.6 Transmutations


You had 8 spell levels left.
You knew the following spells:

 Your Spells              Type           Power        Failure   Level  Hunger
a - Beastly Appendage     Tmut           #.....       17%         1    ##.....
b - Sticks to Snakes      Tmut           #.......     26%         2    ###....


Dungeon Overview and Level Annotations

Branches:
Dungeon (5/15)             Temple (1/1) D:5

Altars:
Ashenzari
Cheibriados
Dithmenos
Elyvilon
Fedhas
Gozag
Hepliaklqana
Kikubaaqudgha
Makhleb
Okawaru
Qazlal
Ru
Sif Muna
Trog
Uskayaw
Vehumet
Wu Jian
Xom
Yredelemnul
Zin
The Shining One

Shops:
D:4 *

Annotations:
D:5 Beodren's ghost, novice MiFi


Innate Abilities, Weirdness & Mutations

You reflexively headbutt those who attack you in melee.
You have a pair of horns on your head.


Message History

* * * LOW HITPOINT WARNING * * *
You feel much better. Beodren's ghost barely misses you.
You hit Beodren's ghost but do no damage.
Beodren's ghost is almost destroyed.
Beodren's ghost hits you!
* * * LOW HITPOINT WARNING * * *
You hit Beodren's ghost but do no damage.
You headbutt Beodren's ghost, but do no damage.
Beodren's ghost is almost destroyed.
Beodren's ghost completely misses you.
You feel much better. Beodren's ghost hits you!
You closely miss Beodren's ghost.
You headbutt Beodren's ghost, but do no damage.
Beodren's ghost is almost destroyed.
Beodren's ghost hits you!
* * * LOW HITPOINT WARNING * * *
You hit Beodren's ghost but do no damage.
Beodren's ghost is almost destroyed.
Beodren's ghost hits you!
You die...

########...######'
#............h...W
#.................
+.........l......> +##.
###+###.....#....... .......
#.....#...l.#.......
....#....
#.(...#.....########
....#.... #(..W.#.....#
.........# #(.@).'.....# ...#
#...#####...(.#.....# # ...#
#.......#.....#..###...# ...#
#.......#.....#..###...# ...#
#.......###'###†.(.......
...#
#............hW..........
...#
#........................
...# #.............##........
##.###.............##........


You could see Beodren's ghost.

Vanquished Creatures
  The ghost of Dickchan the Skirmisher, an amateur GnWn (D:4)
  A phantom (D:4)
  2 centaurs (D:5)
  3 big kobolds (Sewer)
  A howler monkey (Temple)
  3 hounds
  A jelly (D:5)
  An orc priest (Temple)
  2 orc wizards
  2 iguanas (Temple)
  4 worker ants
  A hound skeleton (D:5)
  10 adders
  5 river rats
  An ooze (Sewer)
  An adder skeleton (D:5)
  An adder zombie (D:3)
  2 worms
  2 dart slugs
  7 leopard geckos
  13 orcs
  4 bats
  2 giant cockroaches
  3 goblins
  5 hobgoblins (D:2)
  3 jackals (D:4)
  2 quokkas
  5 ball pythons (Sewer)
  2 frilled lizards
  A jackal skeleton (D:4)
  16 kobolds
  31 rats
138 creatures vanquished.

Notes
Turn   | Place    | Note
-------+----------+-------------------------------------------
     0 | D:1      | Knicklaso the Minotaur Transmuter began the quest for the Orb.
     0 | D:1      | Reached XP level 1. HP: 16/16 MP: 1/1
   333 | D:1      | Reached XP level 2. HP: 21/24 MP: 3/3
   916 | D:2      | Reached XP level 3. HP: 27/30 MP: 4/4
  1600 | D:2      | Reached XP level 4. HP: 28/38 MP: 5/5
  1992 | D:3      | Found a glowing drain.
  1998 | Sewer    | Entered a sewer
  2326 | Sewer    | Reached skill level 5 in Unarmed Combat
  2348 | Sewer    | Noticed a big kobold
  2348 | Sewer    | Noticed a big kobold
  2384 | Sewer    | Killed a big kobold
  2384 | Sewer    | Reached XP level 5. HP: 36/47 MP: 6/6
  2394 | Sewer    | Reached skill level 5 in Fighting
  2394 | Sewer    | Reached XP level 6. HP: 25/56 MP: 7/7
  4046 | D:4      | Found Dorik's General Store.
  4089 | D:4      | Bought a scroll of teleportation for 33 gold pieces
  4089 | D:4      | Bought a potion of heal wounds for 55 gold pieces
  4190 | D:4      | Noticed Dickchan's ghost (amateur GnWn)
  4198 | D:4      | Reached XP level 7. HP: 51/63 MP: 8/8
  4208 | D:4      | Killed Dickchan's ghost
  5074 | D:5      | Entered Level 5 of the Dungeon
  5151 | D:5      | Noticed Beodren's ghost (novice MiFi)
  5152 | D:5      | Reached XP level 8. HP: 74/74 MP: 9/9
  5379 | D:5      | Learned a level 2 spell: Sticks to Snakes
  5407 | D:5      | Found a staircase to the Ecumenical Temple.
  5415 | Temple   | Entered the Ecumenical Temple
  5658 | Temple   | Became a worshipper of the Wu Jian Council
  6287 | D:5      | Slain by Beodren's ghost

Skill      XL: |  1  2  3  4  5  6  7  8 |
---------------+-------------------------+-----
Fighting       | 2 3 4 5 6 7 8 |  8.2
Unarmed Combat | 4 5 6 7 8 |  8.0
Spellcasting   | 2 |  2.2
Transmutations | 2 |  2.6
Dodging        | |  2.1

Action                   |  1- 3 |  4- 6 |  7- 9 || total
-------------------------+-------+-------+-------++-------
Melee: Unarmed           |    91 |   223 |   101 ||   415
       Headbutt          |     9 |    41 |    27 ||    77
       Punch             |     2 |       |     3 ||     5
       Kick              |       |       |    13 ||    13
 Fire: Blowgun           |       |    13 |     8 ||    21
Throw: Stone             |    19 |       |       ||    19
 Cast: Beastly Appendage |       |       |     3 ||     3
Invok: Lunge             |       |       |     1 ||     1
  Use: Scroll            |       |     6 |     4 ||    10
       Potion            |       |       |     8 ||     8
  Eat: Chunk             |     2 |     9 |     2 ||    13
       Ration            |       |       |     1 ||     1
Armor: Robe              |     2 |       |       ||     2
       Leather armour    |     2 |       |       ||     2
       Ring mail         |    12 |    51 |    20 ||    83
Dodge: Dodged            |    48 |   102 |    63 ||   213
